 Dungeon Crawl Stone Soup version 0.21-a0-122-g43b3ea6 (webtiles) character file.

257 MackTheKnife the Cudgeler (level 5, -4/48 HPs)
             Began as a Minotaur Berserker on July 13, 2017.
             Was a Believer of Trog.
             Slain by a gnoll
             ... wielding a +0 flail
              (12 damage)
             ... on level 3 of the Dungeon.
             The game lasted 00:04:05 (2211 turns).

MackTheKnife the Cudgeler (Minotaur Berserker)      Turns: 2211, Time: 00:04:06

Health: -4/48      AC:  4    Str: 21    XL:     5   Next: 93%
Magic:  4/4        EV: 11    Int:  4    God:    Trog [**....]
Gold:   95         SH:  0    Dex: 11    Spells: 4/4 levels left

rFire    . . .     SeeInvis .   i - +0 flail
rCold    . . .     Gourm    .   (no shield)
rNeg     . . .     Faith    .   r - -1 ring mail (curse)
rPois    .         Spirit   .   (helmet restricted)
rElec    .         Reflect  .   (no cloak)
rCorr    .         Harm     .   (no gloves)
MR       ++...                  (no boots)
Stlth    +.........             (no amulet)
HPRegen  1.16/turn              (no ring)
MPRegen  0.09/turn              (no ring)

@: berserk cooldown, regenerating, hasted and slowed
A: retaliatory headbutt, horns 2
a: Berserk, Trog's Hand, Burn Spellbooks, Renounce Religion


You were on level 3 of the Dungeon.
You worshipped Trog.
Trog was pleased with you.
You were very hungry.

You visited 1 branch of the dungeon, and saw 3 of its levels.

You collected 95 gold pieces.

Inventory:

Hand Weapons
 i - a +0 flail (weapon)
   (You took it off an orc on level 3 of the Dungeon)
 s - a +2 dagger of pain
   (You took it off an orc wizard on level 3 of the Dungeon)
Armour
 r - a cursed -1 ring mail (worn)
   (You found it on level 2 of the Dungeon)
Jewellery
 j - an uncursed ring of see invisible {unknown}
   (You found it on level 1 of the Dungeon)
Scrolls
 a - a scroll of amnesia {unknown}
 b - a scroll of teleportation {unknown}
 d - 2 scrolls of immolation {unknown}
 f - a scroll of random uselessness {unknown}
 l - 2 scrolls of identify {unknown}
 n - a scroll of enchant armour {unknown}
 q - 2 scrolls of remove curse {unknown}
Potions
 e - a potion of haste
 g - a potion of resistance {unknown}
 k - a potion of agility {unknown}
 m - a potion of degeneration {unknown}
 o - 2 potions of cancellation {unknown}
 p - a potion of curing {unknown}
Comestibles
 c - 3 bread rations {@e1}
 h - a meat ration {@e2}
 t - 2 chunks of flesh {@w0}


   Skills:
 - Level 5.5 Fighting
 + Level 6.9 Maces & Flails
 - Level 2.4 Armour
 - Level 2.1 Dodging


You had 4 spell levels left.
You didn't know any spells.

Dungeon Overview and Level Annotations

Branches:
Dungeon (3/15)

Altars:


Innate Abilities, Weirdness & Mutations

You reflexively headbutt those who attack you in melee.
You have a pair of horns on your head.


Message History

The bat closely misses you. The bat barely misses you. You furiously retaliate!
You headbutt the bat, but do no damage. You hit the bat but do no damage.
Your headbutt misses the bat. The bat misses you.
The bat hits you but does no damage.
You barely miss the bat. Your headbutt misses the bat.
The bat closely misses you.
You sock the bat!
You kill the bat!
Trog accepts your kill.
Health restored: 48 No target in view!
No target in view!
A hobgoblin comes into view. It is wielding a club.
A hobgoblin is nearby!
A hobgoblin is nearby!
A hobgoblin is nearby!
You sock the hobgoblin!
You kill the hobgoblin!
Trog accepts your kill.
No target in view!
No target in view!
Things that are here:
a club; a hobgoblin corpse You open the huge gate. 2 gnolls come into view.
The gnoll shouts!
There are monsters nearby! 2 gnolls come into view.
The gnoll shouts!
There is a huge open gate here.
A gnoll opens the door.
A gnoll opens the door.
Things that are here:
a jackal skeleton x2
You hit the gnoll. Your headbutt misses the gnoll. You closely miss the gnoll.
Your headbutt misses the gnoll. The gnoll hits you.
The gnoll barely misses you. The gnoll closely misses you.
You take 3 damage, and have 45/48 hp.
You hit the gnoll. The gnoll hits you! The gnoll hits you with a club.
The gnoll hits you but does no damage.
You take 11 damage, and have 34/48 hp.
MASSIVE DAMAGE!!
A red film seems to cover your vision as you go berserk!
You feel yourself moving faster!
You feel mighty!
You are feeling hungry.
The gnoll closely misses you.
The gnoll hits you from afar with a spear.
The gnoll hits you with a club.
You now have 46/72 hp.
You barely miss the gnoll. The gnoll hits you.
The gnoll hits you from afar with a spear.
The gnoll hits you but does no damage.
You take 6 damage, and have 40/72 hp.
You thump the gnoll!
You kill the gnoll!
Trog accepts your kill. The gnoll misses you.
You sock the gnoll! You headbutt the gnoll.
You kill the gnoll!
Trog accepts your kill. The gnoll closely misses you.
You see here a club.
You hit the gnoll. The gnoll hits you with a spear.
You sock the gnoll!
You kill the gnoll!
Trog accepts your kill.
The gnoll throws a throwing net.
The throwing net hits you.
You become entangled in the net!
You tear a large gash into the net.
You struggle against the net.
You feel a strong urge to attack something.
You are no longer berserk.
You are exhausted.
You feel yourself slow down.
You now have 27/48 hp.
You rip the net and break free!
The gnoll barely misses you.
You hit the gnoll. Your headbutt misses the gnoll.
The gnoll hits you but does no damage. The gnoll hits you with a flail.
You take 4 damage, and have 23/48 hp.
You barely miss the gnoll. The gnoll hits you with a flail!
* * * LOW HITPOINT WARNING * * *
You take 13 damage, and have 10/48 hp.
MASSIVE DAMAGE!!
Okay, then.
Unknown command.
Okay, then.
Your skin crawls.
You feel resistant to hostile enchantments.
You are feeling very hungry.
The gnoll hits you with a flail.
* * * LOW HITPOINT WARNING * * *
You take 3 damage, and have 7/48 hp.
Unknown command.
Eat one of 2 chunks of flesh {@w0}? (ye/n/q)
Okay, then.
It was a potion of haste.
You feel yourself speed up. The gnoll hits you with a flail!
You die...

.....#....#....
#########''''#############
.........................#
≈≈≈≈≈≈≈≈≈....≈≈≈≈≈≈≈≈≈≈≈≈##
≈≈≈≈≈≈≈≈≈....≈≈≈≈≈≈≈≈≈≈≈≈≈≈
≈≈≈≈≈≈≈≈≈....≈≈≈≈≈≈≈≈≈≈≈≈≈≈
...........................
##########g###########.....
#######@# #.##.# #.....†.#
#.##.# #.......# #.##.)
#.......###########.##.#
+.......'...............
#.......##############.#
#.......# ########.#
#####.### #..#......
#.##### #≈...###.#


You could see a gnoll.

Vanquished Creatures
  An orc priest (D:3)
  An orc wizard (D:3)
  Natasha (twice) (D:2)
  6 gnolls
  3 adders
  An ooze (D:3)
  2 worms (D:2)
  A dart slug (D:3)
  A leopard gecko (D:1)
  4 orcs (D:3)
  6 bats
  6 goblins
  7 hobgoblins
  4 jackals (D:3)
  4 kobolds
  A quokka (D:3)
  5 frilled lizards
  2 rats (D:1)
57 creatures vanquished.

Notes
Turn   | Place    | Note
-------+----------+-------------------------------------------
     0 | D:1      | MackTheKnife the Minotaur Berserker began the quest for the Orb.
     0 | D:1      | Reached XP level 1. HP: 19/19 MP: 0/0
   219 | D:1      | Reached skill level 4 in Fighting
   228 | D:1      | Reached XP level 2. HP: 20/27 MP: 1/1
   464 | D:1      | Reached skill level 4 in Maces & Flails
   673 | D:1      | Reached XP level 3. HP: 31/34 MP: 2/2
  1204 | D:2      | Noticed Natasha
  1211 | D:2      | Killed Natasha
  1211 | D:2      | Reached skill level 5 in Fighting
  1211 | D:2      | Reached XP level 4. HP: 33/42 MP: 3/3
  1446 | D:2      | Noticed Natasha
  1462 | D:2      | Killed Natasha
  1462 | D:2      | Reached skill level 5 in Maces & Flails
  1650 | D:3      | Reached ** piety under Trog
  1848 | D:3      | Reached XP level 5. HP: 30/48 MP: 4/4
  2044 | D:3      | Reached skill level 6 in Maces & Flails
  2209 | D:3      | HP: 10/48 [gnoll/flail (13)]
  2211 | D:3      | Slain by a gnoll

Vault maps used:
D:1:      dpeg_arrival_pond
D:2:      first_bread, uniq_natasha
D:3:      lemuel_castle_with_subvaults, minmay_misc_feat_columns, moated_statue

Skill      XL: |  1  2  3  4  5 |
---------------+----------------+-----
Fighting       | 4 5 |  5.5
Maces & Flails | 4 5 6 |  6.9
Armour         | |  2.4
Dodging        | |  2.1

Action                   |  1- 3 |  4- 6 || total
-------------------------+-------+-------++-------
Melee: Mace              |    53 |    18 ||    71
       Headbutt          |    11 |     7 ||    18
       Flail             |       |    40 ||    40
Invok: Berserk           |     1 |     3 ||     4
       Trog's Hand       |       |     1 ||     1
  Use: Potion            |       |     1 ||     1
  Eat: Chunk             |     2 |     5 ||     7
Armor: Animal skin       |     4 |       ||     4
       Leather armour    |     6 |       ||     6
       Ring mail         |       |    16 ||    16
       Skin              |       |     9 ||     9
Dodge: Dodged            |    24 |    31 ||    55

Vault maps used:
D:1:      dpeg_arrival_pond
D:2:      first_bread, uniq_natasha
D:3:      lemuel_castle_with_subvaults, minmay_misc_feat_columns, moated_statue

Table legend:
 A = Turns spent in this place as a percentage of turns spent in the entire game.
 B = Non-inter-level travel turns spent in this place as a percentage of non-inter-level travel turns spent in the entire game.
 C = Inter-level travel turns spent in this place as a percentage of turns spent in this place.
 D = Turns resting spent in this place as a percentage of non-inter-level travel turns spent in this place.
 E = Turns spent auto-exploring this place as a percentage of non-inter-level travel turns spent in this place.
 F = Non-inter-level travel turns spent in this place divided by the number of levels of this place that you've seen.
                   A       B       C       D       E      F
               +-------+-------+-------+-------+-------+----------------------
         Total | 100.0 | 100.0 |   1.6 |   5.1 |  12.9 | 202.0
       Dungeon | 100.0 | 100.0 |   1.6 |   5.1 |  12.9 | 202.0
               +-------+-------+-------+-------+-------+----------------------

Table legend:
 A = Kills in this place as a percentage of kills in entire the game.
 B = Kills by you in this place as a percentage of kills by you in the entire game.
 C = Kills by friends in this place as a percentage of kills by friends in the entire game.
 D = Other kills in this place as a percentage of other kills in the entire game.
 E = Experience gained in this place as a percentage of experience gained in the entire game.
 F = Experience gained in this place divided by the number of levels of this place that you have seen.
                   A       B       C       D       E      F
               +-------+-------+-------+-------+-------+----------------------
         Total | 100.0 | 100.0 |  -nan |  -nan | 100.0 | 122.7
       Dungeon | 100.0 | 100.0 |  -nan |  -nan | 100.0 | 122.7
               +-------+-------+-------+-------+-------+----------------------
